 Dungeon Crawl Stone Soup version 0.19-a0-1686-g35356ef (webtiles) character file.

123 Amnesiac the Vexing (level 4, -2/30 HPs)
             Began as a Mummy Enchanter on Sept 25, 2016.
             Was an Initiate of Gozag.
             Shot with an arrow by a centaur (7 damage)
             ... on level 8 of the Dungeon.
             The game lasted 00:07:32 (4232 turns).

Amnesiac the Vexing (Mummy Enchanter)               Turns: 4232, Time: 00:07:33

Health: -2/30      AC:  5    Str: 11    XL:     4   Next: 79%
Magic:  2/7        EV: 12    Int: 15    God:    Gozag
Gold:   90         SH:  0    Dex: 12    Spells: 3 memorised, 0 levels left

rFire  x . .     SeeInvis .     a - +1 dagger
rCold  + . .     Gourm    .     b - +1 robe
rNeg   + + +     Faith    .     (no shield)
rPois  ∞         Spirit   .     (no helmet)
rElec  .         Dismiss  .     h - +0 cloak
rCorr  .         Reflect  .     (no gloves)
MR     .....     Harm     .     (no boots)
Stlth  ++........               (no amulet)
                                (no ring)
                                (no ring)

@: about to teleport
A: no food or potions, fire vulnerability, cold resistance 1, negative energy
resistance 3, torment resistance, unbreathing
a: Potion Petition, Call Merchant, Bribe Branch, Renounce Religion


You were on level 8 of the Dungeon.
You worshipped Gozag.
Gozag was noncommittal.
You were not hungry.

You visited 2 branches of the dungeon, and saw 8 of its levels.

You collected 155 gold pieces.
You paid 65 gold pieces to Gozag.

Inventory:

Hand Weapons
 a - a +1 dagger (weapon)
 g - a +0 spear
Armour
 b - a +1 robe (worn)
 h - a +0 cloak (worn)
Scrolls
 e - 2 scrolls of identify
 f - 2 scrolls of teleportation
 j - 5 scrolls of remove curse
 k - a scroll of recharging
Books
 c - a book of Maledictions

   Spells                             Type                      Level
   a - Corona                         Hexes                        1
   b - Ensorcelled Hibernation        Hexes/Ice                    2
   c - Confuse                        Hexes                        3
   d - Tukima's Dance                 Hexes                        3
   e - Dazzling Spray                 Conjuration/Hexes            3
 l - a book of Conjurations

   Spells                             Type                      Level
   a - Magic Dart                     Conjuration                  1
   b - Searing Ray                    Conjuration                  2
   c - Dazzling Spray                 Conjuration/Hexes            3
   d - Fulminant Prism                Conjuration/Hexes            4
   e - Iskenderun's Mystic Blast      Conjuration                  4
   f - Iskenderun's Battlesphere      Conjuration/Charms           5


   Skills:
 - Level 0.7 Short Blades
 - Level 1.5 Dodging
 - Level 2.4 Stealth
 - Level 2.0 Spellcasting
 + Level 5.1 Hexes


You couldn't memorise any spells.
You knew the following spells:

 Your Spells              Type           Power        Failure   Level  Hunger
e - Confuse               Hex            ###.....     10%         3    N/A
f - Corona                Hex            ###....      2%          1    N/A
w - Tukima's Dance        Hex            ###.....     10%         3    N/A

Dungeon Overview and Level Annotations

Branches:
Dungeon (8/15)             Temple (1/1) D:7
   Lair: D:8-11

Altars:
Ashenzari
Cheibriados
Dithmenos
Fedhas
Gozag
Kikubaaqudgha
Okawaru
Qazlal
Uskayaw
Vehumet
Xom
Yredelemnul
The Shining One

Annotations:
D:3 Eustachio
D:8 exclusion: zombie


Innate Abilities, Weirdness & Mutations

You do not eat or drink.
Your flesh is vulnerable to fire.
You are immune to poison.
Your flesh is cold resistant. (rC+)
You are immune to negative energy. (rN+++)
You are immune to unholy pain and torment.
You can survive without breathing.


Message History

You hear a splash.
The centaur shoots an arrow.
The arrow hits you!
You see here an arrow.
Casting: Confuse
Confirm with . or Enter, or press ? or * to list all spells.
Aiming: Confuse
Press: ? - help, Shift-Dir - straight line, f - centaur
Aim: a centaur, wielding a shortbow (chance to defeat MR: 47%)
The centaur resists with some effort.
The centaur shoots an arrow.
The arrow hits you!
You can't drink.
Unknown command.
As you read the scroll of teleportation, it crumbles to dust.
You feel strangely unstable.
The centaur shoots an arrow.
The arrow closely misses you.
The centaur shoots an arrow.
The arrow hits you!
* * * LOW HITPOINT WARNING * * *
Unknown command.
The centaur shoots an arrow.
The arrow hits you!
You die...
Your body crumbles into a pile of gold.

......≈;≈.#
.≈≈...≈≈≈.#
≈≈≈...≈≈..####
≈≈........##.#
≈...≈≈≈......#
...≈≈≈≈..c##.#####
....≈.....##.....#
.......(..####c###
...####@### #.#
.## #.# #.#
.######.######.#
..........>....#
.#######...#####
.. #........# #..
#........# ..#
###...#........#
#..
.....#........#


You could see a centaur.

Vanquished Creatures
  A jelly (D:8)
  3 adders
  An ooze (D:1)
  3 adder skeletons (D:4)
  2 dart slugs
  2 orcs (D:4)
  A ball python (D:1)
  2 bats (D:1)
  4 giant cockroaches
  8 goblins
  7 hobgoblins
  4 jackals (D:3)
  2 kobolds (D:1)
  A leopard gecko zombie (D:7)
  2 rats (D:1)
43 creatures vanquished.

Vanquished Creatures (others)
  An adder (D:4)
1 creature vanquished.

Grand Total: 44 creatures vanquished

Notes
Turn   | Place    | Note
-------+----------+-------------------------------------------
     0 | D:1      | Amnesiac the Mummy Enchanter began the quest for the Orb.
     0 | D:1      | Reached XP level 1. HP: 13/13 MP: 3/3
   111 | D:1      | Reached skill level 3 in Hexes
   461 | D:1      | Reached XP level 2. HP: 15/19 MP: 1/5
   928 | D:1      | Reached XP level 3. HP: 24/24 MP: 6/6
  1134 | D:2      | Learned a level 3 spell: Confuse
  1195 | D:2      | Reached skill level 4 in Hexes
  1319 | D:3      | Found a stormy altar of Qazlal.
  1698 | D:4      | Found a blossoming altar of Fedhas.
  1741 | D:4      | Found a glowing golden altar of the Shining One.
  2022 | D:4      | Reached XP level 4. HP: 26/30 MP: 3/7
  2038 | D:4      | Learned a level 3 spell: Tukima's Dance
  2153 | D:4      | Noticed Eustachio
  2578 | D:4      | Found a radiant altar of Vehumet.
  2798 | D:5      | Entered Level 5 of the Dungeon
  3126 | D:5      | You fall through a shaft for 2 floors!
  3321 | D:7      | Found a staircase to the Ecumenical Temple.
  3350 | Temple   | Entered the Ecumenical Temple
  3468 | Temple   | Became a worshipper of Gozag Ym Sagoz the Greedy
  3498 | D:7      | Noticed a black bear
  3519 | D:7      | Noticed a centaur
  3757 | D:8      | Reached skill level 5 in Hexes
  4225 | D:8      | Noticed a centaur
  4232 | D:8      | Shot with an arrow by a centaur

Vault maps used:
D:1:      roderic_crossed_star
D:2:      gammafunk_temple_overflow_wave
D:3:      nicolae_qazlal_general_emergency, ecumenical_altar_2
D:4:      fiery_altar_vehumet, fedhas_altar_4, first_bread,
          nicolae_tso_swordbearing_angel, uniq_eustachio
D:5:      amethyst_overflow_temple_binary
D:7:      okawaru_gym_becter, uniq_crazy_yiuf_cottage
D:8:      uniq_gastronok
Temple:   kb_temple_of_zot

Skill      XL: |  1  2  3  4 |
---------------+-------------+-----
Hexes          | 3 4 5 |  5.1
Short Blades   | |  0.7
Dodging        | |  1.5
Stealth        | |  2.4
Spellcasting   | |  2.0

Action                   |  1- 3 |  4- 6 || total
-------------------------+-------+-------++-------
Melee: Dagger            |   153 |    64 ||   217
       Spear             |       |    94 ||    94
 Cast: Corona            |    35 |     5 ||    40
       Confuse           |     2 |    19 ||    21
  Use: Scroll            |       |     8 ||     8
 Stab: Sleeping          |     4 |     1 ||     5
       Confused          |     1 |     3 ||     4
Armor: Robe              |    57 |    45 ||   102
Dodge: Dodged            |    87 |    94 ||   181
